 Dungeon Crawl Stone Soup version 0.17-a0-1409-ge6d9485 (webtiles) character file.

273 Fluffy the Cudgeler (level 6, -2/37 HPs)
             Began as a Gargoyle Fighter on June 22, 2015.
             Killed by divine providence
             ... invoked by an orc priest
              (12 damage)
             ... on level 5 of the Dungeon.
             The game lasted 00:06:56 (3213 turns).

Fluffy the Cudgeler (Gargoyle Fighter)              Turns: 3213, Time: 00:06:57

Health: -2/37      AC: 17    Str: 20    XL:     6   Next: 24%
Magic:  6/6        EV:  3    Int: 10    God:
Gold:   207        SH:  9    Dex: 11    Spells: 0 memorised, 5 levels left

rFire  . . .     SeeInvis .     a - +0 flail
rCold  + . .     Clarity  .     n - +0 plate armour
rNeg   + . .     SustAt   .     c - +0 shield
rPois  ∞         Gourm    .     (no helmet)
rElec  +         Spirit   .     (no cloak)
rCorr  .         Warding  .     (no gloves)
rMut   .         Stasis   .     l - +0 pair of boots
MR     .....                    (no amulet)
Stlth  ..........               (no ring)
                                t - ring of protection from cold

@: not resistant to hostile enchantments, extremely unstealthy
A: clever 1, negative energy resistance 1, electricity resistance, unbreathing,
petrification resistance, rot immunity, AC +4
a: no special abilities


You were on level 5 of the Dungeon.
You were not hungry.

You visited 1 branch of the dungeon, and saw 5 of its levels.

You collected 272 gold pieces.
You spent 65 gold pieces at shops.

Inventory:

Hand weapons
 a - a +0 flail (weapon)
Armour
 c - a +0 shield (worn)
 l - a +0 pair of boots (worn)
 n - a +0 plate armour (worn)
Jewellery
 t - a ring of protection from cold (left hand)
Scrolls
 b - a scroll of noise {unknown}
 g - 3 scrolls of remove curse
 i - 2 scrolls of teleportation {unknown}
 m - a scroll of enchant armour {unknown}
 p - a scroll of fear {unknown}
 r - 4 scrolls of blinking {unknown}
 v - a scroll of fog {unknown}
 y - a scroll of amnesia {unknown}
Potions
 d - 2 potions of might
 f - 2 potions of flight
 j - a potion of resistance
 q - 4 potions of curing
 s - a potion of heal wounds
 x - a potion of haste
 A - a potion of brilliance
Comestibles
 e - a bread ration
 u - a slice of pizza
 w - a meat ration
 z - 3 fruits


   Skills:
 - Level 3.2 Fighting
 + Level 6.4 Maces & Flails
 - Level 3.2 Armour
 - Level 3.2 Shields


You had 5 spell levels left.
You didn't know any spells.

Dungeon Overview and Level Annotations

Branches:
Dungeon (5/15)
 Temple: D:4-7

Altars:
Nemelex Xobeh

Shops:
D:4 ?


Innate Abilities, Weirdness & Mutations

You are resistant to torment.
Your stone body is resilient (AC +4).
You are immune to poison.
You resist negative energy.
You are resistant to electric shocks.
You can survive without breathing.
You are immune to petrification.
You are immune to rotting.
Your mind is acute. (Int +2)


Message History

The orc priest hits you but does no damage.
Your plate armour prevents you from hitting the orc priest.
The orc priest is heavily wounded.
The orc hits you but does no damage.
The orc priest hits you but does no damage.
You hit the orc priest.
The orc priest is severely wounded.
The orc hits you but does no damage.
The orc priest mumbles some strange prayers to Beogh against you.
Something smites you!
* * * LOW HITPOINT WARNING * * *
You hit the orc priest.
The orc priest is severely wounded.
The orc hits you but does no damage.
The orc priest hits you but does no damage.
Your plate armour prevents you from hitting the orc priest.
The orc priest is severely wounded.
The orc priest mumbles some strange prayers to Beogh against you.
Something smites you!
You die...

########.#
#........#
#........#
###........#
...%.......#
#........####
#....oo...... .#
#...)@..# #.#
####)#### #.#
#(# #.# #.# #.#
#.# #####.# #.#
###.....# #.#
#.....<.#
#.######.#.###.#
#.......>#.# #.#


You could see an orc priest and an orc.

Vanquished Creatures
  An orc priest (D:4)
  3 orc wizards
  A worker ant (D:4)
  3 adders
  An ooze (D:3)
  2 worms (D:2)
  5 giant geckos
  8 orcs
  2 ball pythons
  6 bats
  3 giant cockroaches (D:2)
  11 goblins
  8 hobgoblins
  6 jackals
  3 quokkas
  4 giant newts
  9 kobolds
  7 rats
83 creatures vanquished.

Notes
Turn   | Place    | Note
--------------------------------------------------------------
     0 | D:1      | Fluffy the Gargoyle Fighter began the quest for the Orb.
     0 | D:1      | Reached XP level 1. HP: 14/14 MP: 1/1
   511 | D:1      | Reached XP level 2. HP: 8/19 MP: 2/2
   928 | D:2      | Reached XP level 3. HP: 14/23 MP: 3/3
  1306 | D:2      | Reached skill level 4 in Maces & Flails
  1402 | D:2      | Reached XP level 4. HP: 25/28 MP: 4/4
  1450 | D:2      | Found a sparkling altar of Nemelex Xobeh.
  1817 | D:3      | Reached skill level 5 in Maces & Flails
  1817 | D:3      | Reached XP level 5. HP: 32/32 MP: 5/5
  2516 | D:4      | Found Kotis's Magic Scroll Shoppe.
  2521 | D:4      | Bought a scroll of remove curse for 39 gold pieces
  2521 | D:4      | Bought a scroll of identify for 26 gold pieces
  2745 | D:4      | Reached skill level 6 in Maces & Flails
  2745 | D:4      | Reached XP level 6. HP: 37/37 MP: 6/6
  3166 | D:5      | Entered Level 5 of the Dungeon
  3167 | D:5      | Gained mutation: You are occasionally teleported to nearby monsters. [potion of mutation]
  3167 | D:5      | Lost mutation: You are occasionally teleported to nearby monsters. [potion of mutation]
  3167 | D:5      | Gained mutation: Your mind is acute. (Int +2) [potion of mutation]
  3213 | D:5      | Killed from afar by an orc priest

Vault maps used:
D:1:      lightli_iron_boxes
D:2:      nemelex_lonely_heart_becter
D:3:      st_stairs_1
D:4:      serial_shops, shop
D:5:      minmay_temple_entry_large_hall, first_bread

Action                   |  1- 3 |  4- 6 || total
-------------------------+-------+-------++-------
Melee: Flail             |   160 |   188 ||   348
  Use: Scroll            |       |     8 ||     8
       Potion            |       |     1 ||     1
  Eat: Chunk             |     2 |     6 ||     8
